Get step-by-step instructions on how to execute this build order below. Start the game timer, and the build order will tick by so you can play in parallel with StarCraft on a second screen or mobile device.

Game Time

  0:00

Last Step

  N/A

Next Step

Upcoming Step



Don't want to look back and forth between 2 screens? Try out our Overwolf App, the Spawning Tool Build Advisor to get an in-game overlay with this build!

Complete Build Order

  12  0:01  Drone  
  13  0:08  Drone  
  14  0:15  Extractor, Drone  
  15  0:38  Hatchery  
  14  0:43  Extractor  
  14  0:44  Drone  
  15  0:50  Overlord  
  15  1:07  Spawning Pool  
  14  1:12  Drone x2  
  14  1:17  Drone  
  17  1:26  Extractor  
  17  1:29  Drone  
  17  1:34  Drone  
  18  1:45  Drone  
  19  1:53  Queen  
  21  1:54  Queen  
  21  2:00  Drone  
  24  2:02  Drone  
  24  2:06  Extractor  
  24  2:07  Overlord  
  24  2:12  Drone  
  25  2:27  Drone x2  
  27  2:30  Drone x2  
  27  2:35  Queen  
  31  2:49  Drone x2  
  33  2:53  Drone x2  
  35  3:00  Overlord  
  35  3:10  Drone  
  36  3:18  Lair  
  36  3:20  Drone x4, Roach Warren  
  39  3:30  Drone x3  
  42  3:34  Extractor  
  42  3:36  Overlord  
  41  3:48  Overlord x2  
  41  3:50  Drone  
  41  3:53  Drone x2  
  41  3:55  Extractor, Drone  
  44  3:56  Drone  
  45  4:13  Roach x4  
  45  4:16  Glial Reconstitution  
  53  4:22  Drone x2  
  55  4:25  Hatchery  
  55  4:26  Roach x4  
  55  4:28  Overlord  
  62  4:39  Roach x3  
  68  4:50  Overlord  
  68  4:53  Roach  
  70  5:08  Roach x3  
  70  5:11  Roach x4  
  70  5:12  Overlord  
  84  5:34  Ravager x4  
  88  5:35  Overlord  
  88  5:36  Evolution Chamber, Overlord x3  
  88  5:37  Evolution Chamber  
  88  5:38  Queen  
  88  5:46  Roach  
  88  5:47  Roach x4  
  98  6:01  Roach x6  
  98  6:02  Roach  
  112  6:08  Overseer  
  112  6:16  Roach  
  112  6:17  Drone x6  
  120  6:21  Zerg Missile Weapons Level 1  
  120  6:25  Zerg Ground Armor Level 1  
  120  6:32  Infestation Pit  
  119  6:34  Overlord  
  119  6:40  Drone  
  119  6:41  Drone x4  
  124  6:48  Pneumatized Carapace  
  124  6:51  Overlord  
  124  6:52  Overlord  
  124  6:53  Overlord  
  124  7:17  Drone x9  
  124  7:18  Drone x2  
  135  7:23  Extractor  
  135  7:25  Extractor  
  135  7:26  Hive, Hydralisk Den  
  132  7:40  Roach x5  
  132  7:41  Roach x3  
  135  8:08  Roach  
  135  8:09  Roach x5  
  103  8:20  Zerg Missile Weapons Level 2  
  103  8:21  Zerg Ground Armor Level 2  
  103  8:22  Grooved Spines  
  103  8:27  Hydralisk x6  
  101  8:28  Lurker Den  
  97  8:52  Hydralisk  
  97  8:53  Hydralisk x5  
  103  9:01  Hatchery  
  100  9:13  Muscular Augments  
  94  9:24  Roach  
  94  9:25  Roach x14  
  124  9:49  Hydralisk  
  124  9:50  Hydralisk x6  
  138  9:56  Hatchery  
  131  10:01  Hydralisk  
  131  10:02  Hydralisk x7  
  145  10:11  Drone  
  145  10:12  Drone x4  
  150  10:26  Hydralisk x5